Map: Ephemeron LE

Players

MaNa - Winner!

  • Race: Protoss Protoss
  • Spawn Location: 5:00

Zanster

  • Race: Zerg Zerg
  • Spawn Location: 11:00

VOD

Have the link to the VOD?

Description

Time

  • Played on: Sept. 6, 2019, 5:48 p.m.
  • Length: 11:24
Show
View Real Time Build Order
Export as new Build Order

MaNa Protoss - Winner!

Build Orders: 1 Gate Expand, Mass Phoenix 

Get SALT Encoding   

  12  0:00  Probe  
  13  0:13  Probe  
  13  0:14  Pylon  
  14  0:21  Probe  
  15  0:31  Probe  
  16  0:39  Gateway  
  16  0:43  Probe  
  16  0:49  Assimilator  
  17  0:55  Probe  
  18  1:07  Probe  
  19  1:19  Probe  
  20  1:25  Cybernetics Core  
  20  1:34  Nexus  
  20  1:39  Probe  
  21  1:46  Assimilator  
  21  1:51  Pylon  
  21  1:52  Adept  
  23  2:09  Probe  
  23  2:12  Robotics Facility, Stalker  
  24  2:21  Probe  
  26  2:33  Probe  
  26  2:35  Warp Gate  
  27  2:42  Gateway  
  27  2:45  Probe  
  27  2:50  Probe  
  29  2:57  Probe  
  30  3:02  Probe  
  29  3:08  Immortal  
  29  3:09  Probe  
  29  3:10  Sentry  
  32  3:14  Probe  
  37  3:21  Probe  
  37  3:26  Probe  
  39  3:31  Pylon  
  39  3:33  Probe  
  40  3:38  Probe  
  41  3:45  Probe  
  41  3:46  Assimilator  
  42  3:51  Probe  
  43  3:56  Stargate  
  43  3:59  Probe  
  43  4:01  Assimilator  
  44  4:03  Stargate, Probe  
  45  4:11  Probe  
  45  4:13  Pylon  
  45  4:15  Probe  
  47  4:20  Pylon  
  47  4:23  Probe  
  48  4:27  Probe  
  49  4:31  Phoenix  
  49  4:35  Probe  
  50  4:38  Phoenix  
  50  4:39  Probe  
  50  4:41  Immortal  
  57  4:52  Phoenix, Probe x2  
  61  4:54  Pylon  
  61  4:56  Phoenix  
  65  5:12  Zealot  
  67  5:14  Pylon, Phoenix  
  67  5:17  Zealot  
  71  5:24  Phoenix  
  71  5:28  Pylon  
  73  5:42  Phoenix  
  73  5:46  Nexus  
  73  5:48  Observer  
  76  5:50  Phoenix  
  76  5:54  Probe x2  
  80  6:04  Zealot x2  
  84  6:06  Shield Battery, Probe  
  85  6:15  Pylon  
  85  6:17  Probe  
  86  6:27  Phoenix x2  
  86  6:32  Probe x2  
  92  6:42  Forge  
  92  6:43  Protoss Air Weapons Level 1  
  92  6:44  Probe x2  
  92  6:45  Immortal  
  98  6:56  Probe  
  98  7:00  Zealot x2  
  98  7:01  Probe  
  101  7:04  Probe  
  101  7:08  Probe  
  98  7:13  Gateway  
  96  7:20  Zealot x2, Protoss Ground Weapons Level 1  
  99  7:25  Immortal  
  103  7:31  Gateway  
  103  7:32  Twilight Council  
  103  7:35  Gateway  
  103  7:39  Probe x3  
  103  7:43  Zealot x2  
  110  8:02  Probe x2  
  110  8:03  Warp Prism  
  114  8:09  Charge  
  114  8:10  Templar Archives  
  112  8:20  Sentry x2  
  112  8:21  Probe, Assimilator  
  112  8:22  Assimilator  
  112  8:26  Probe  
  116  8:31  Pylon  
  116  8:37  Pylon  
  116  8:39  Pylon  
  116  8:49  Immortal  
  116  8:51  Psionic Storm  
  116  8:52  High Templar x2  
  124  8:56  Pylon  
  124  8:57  Pylon  
  124  8:58  High Templar x2  
  124  9:02  Photon Cannon, Gateway  
  128  9:06  Shield Battery  
  128  9:07  Gateway  
  128  9:09  Gateway  
  128  9:14  Gateway  
  128  9:17  Probe  
  128  9:19  Immortal, Pylon  
  129  9:24  High Templar x2  
  129  9:29  Archon  
  137  9:35  Zealot x2  
  141  9:48  Nexus  
  141  9:57  Zealot x5  
  151  10:07  Pylon  
  151  10:08  Pylon  
  151  10:10  Zealot x3  
  157  10:17  High Templar x4  
  165  10:23  Pylon  
  165  10:24  Pylon  
  165  10:26  Pylon  
  163  10:30  Pylon  
  159  10:47  Zealot x4  
  151  10:50  Zealot x3  
  151  10:51  Zealot  
  133  11:10  Archon  
  125  11:11  Zealot x8  
Show
View Real Time Build Order
Export as new Build Order

Zanster Zerg 

Build Orders: Pool First, Roach Hydra 

Get SALT Encoding   

  12  0:00  Drone  
  13  0:14  Overlord  
  13  0:16  Drone  
  14  0:32  Drone x2  
  16  0:40  Drone  
  17  0:43  Extractor  
  17  0:46  Drone  
  17  0:52  Spawning Pool  
  16  0:57  Drone  
  17  1:08  Drone  
  18  1:21  Hatchery  
  17  1:28  Drone  
  18  1:40  Zergling x4  
  18  1:42  Queen  
  22  1:49  Metabolic Boost  
  22  1:56  Overlord  
  22  2:18  Queen  
  24  2:23  Drone x3  
  27  2:36  Pneumatized Carapace  
  27  2:39  Zergling x2  
  28  2:48  Hatchery  
  26  2:51  Zergling x2  
  26  2:53  Drone x2  
  26  2:56  Drone  
  30  3:01  Drone  
  30  3:07  Overlord  
  30  3:10  Drone x2  
  30  3:12  Drone  
  33  3:16  Drone x2  
  35  3:24  Overlord  
  35  3:27  Drone  
  35  3:28  Drone x2  
  35  3:31  Drone  
  39  3:34  Drone  
  39  3:36  Drone  
  39  3:37  Drone  
  42  3:41  Drone  
  42  3:44  Overlord  
  42  3:46  Drone  
  44  3:51  Drone  
  44  3:54  Queen  
  47  4:04  Drone  
  47  4:05  Drone x2  
  47  4:08  Drone  
  53  4:13  Roach Warren  
  53  4:15  Drone x6  
  56  4:20  Overlord  
  56  4:24  Lair  
  56  4:26  Extractor  
  56  4:30  Overlord  
  55  4:33  Overlord  
  55  4:38  Drone x3  
  56  4:39  Drone  
  56  4:40  Overlord  
  59  4:51  Drone  
  59  4:52  Drone x6  
  66  4:53  Extractor  
  66  4:54  Extractor  
  66  4:55  Overlord  
  64  5:00  Roach x4  
  64  5:03  Roach  
  64  5:04  Roach  
  64  5:06  Roach  
  78  5:12  Roach  
  78  5:13  Zergling x4  
  82  5:15  Overlord  
  82  5:19  Zergling x2, Roach x2  
  87  5:23  Extractor  
  87  5:26  Overlord  
  86  5:28  Glial Reconstitution  
  86  5:32  Zergling x2, Roach  
  86  5:33  Zergling x6  
  86  5:34  Zergling x4  
  93  5:44  Roach x5  
  93  5:45  Overlord  
  103  5:50  Ravager  
  103  5:54  Zergling x2  
  103  5:56  Overlord  
  109  6:01  Spore Crawler x2  
  109  6:02  Spore Crawler  
  109  6:03  Spore Crawler  
  105  6:07  Spore Crawler  
  105  6:08  Spore Crawler  
  105  6:09  Drone  
  104  6:13  Drone  
  104  6:14  Drone x5  
  97  6:29  Drone x7  
  103  6:35  Drone  
  103  6:36  Drone  
  101  6:40  Drone x3  
  101  6:46  Overlord  
  104  6:47  Drone, Hatchery  
  104  6:49  Drone  
  98  7:03  Drone x7  
  98  7:07  Hydralisk Den, Extractor  
  92  7:09  Overlord  
  80  7:16  Evolution Chamber  
  71  7:24  Queen x3  
  73  7:37  Muscular Augments, Hydralisk  
  73  7:38  Hydralisk x7  
  73  7:40  Hydralisk  
  91  7:49  Hydralisk x2  
  91  7:50  Hydralisk  
  97  7:59  Hydralisk x3  
  97  8:01  Hydralisk x2  
  109  8:10  Hydralisk  
  109  8:11  Hydralisk  
  113  8:17  Hydralisk x2  
  111  8:20  Zerg Missile Weapons Level 1  
  111  8:21  Hydralisk  
  111  8:26  Hydralisk x2  
  114  8:32  Overlord, Hydralisk x3  
  116  8:35  Hydralisk x2  
  116  8:36  Zergling x6  
  120  8:42  Baneling Nest  
  119  8:53  Overlord  
  119  9:03  Drone x5, Hatchery  
  119  9:06  Grooved Spines, Hydralisk  
  119  9:07  Hydralisk x3  
  131  9:12  Overlord x2  
  131  9:14  Hydralisk x2  
  135  9:17  Hydralisk x2  
  135  9:23  Hydralisk  
  140  9:27  Centrifical Hooks  
  140  9:33  Hydralisk x3  
  140  9:35  Zergling x2  
  140  9:36  Zergling x6  
  140  9:37  Zergling x2  
  151  9:44  Hydralisk  
  151  9:45  Zergling x8  
  156  9:48  Overlord  
  156  9:51  Queen  
  161  10:07  Drone x10  
  161  10:12  Infestation Pit, Baneling x3  
  161  10:13  Baneling x6  
  167  10:16  Overlord  
  167  10:22  Drone x4  
  167  10:28  Hydralisk x4  
  168  10:29  Zergling x2  
  168  10:30  Zergling x2  
  168  10:35  Baneling x7  
  172  10:37  Overseer  
  159  10:53  Zergling x6, Hydralisk  
  159  10:54  Zergling x12  
  153  10:57  Hydralisk  
  153  10:58  Zergling x8  
  153  11:00  Zergling x2  
Tags
 
Add a new tag
Caveats
  • Supply blocks, unpowered buildings, or Contaminate may cause inaccurate times.
  • Supply counts are checked every 10 seconds.